cohdb
Replays
Latest Replays
All Replays
Popular Replays
Top Player Replays
Match Explorer
How It Works
Community
CoH3 Stats
Reddit
Sign in to upload your games and track your stats! →
Sign in with Steam
Match 43977834
Unlisted
Match 43977834
Overview
Messages
Build Orders
End
Royal Engineer Section
Construct Section Command Post
Vickers Machine Gun Team
Selects Indian Artillery Battlegroup
Dingo Light Scout Car
Selects Towed ML 4.2-inch Heavy Mortar
Infantry Section
Infantry Section
Grenade Package
Towed ML 4.2-inch Heavy Mortar
Construct Platoon Command Post
AI Takeover
爱在西元前GG
Tacity
nonaino
cayemr
0
0
Comments
sign in to comment!
No comments posted yet!